Map: Oxide LE

Players

Nina

  • Race: Protoss Protoss

Astrea - Winner!

  • Race: Protoss Protoss

Event: DreamHack SC2 Masters 2021 Fall

VOD

Have the link to the VOD?

Description

Time

  • Played on: Aug. 13, 2021, 4:29 p.m.
  • Length: 15:27

All games in this series

Show
View Real Time Build Order
Export as new Build Order

Nina Protoss 

Build Orders:  

Get SALT Encoding   

  12  0:00  Probe  
  13  0:12  Probe  
  14  0:17  Pylon  
  14  0:24  Probe  
  15  0:37  Probe (Chrono Boost)  
  15  0:38  Gateway  
  16  0:48  Probe (Chrono Boost)  
  17  0:53  Probe (Chrono Boost)  
  18  1:03  Probe  
  19  1:15  Probe  
  19  1:17  Assimilator  
  22  1:26  Cybernetics Core  
  22  1:27  Pylon  
  22  1:28  Probe  
  23  1:44  Assimilator  
  23  1:45  Probe  
  22  1:54  Nexus  
  22  1:57  Pylon  
  23  2:02  Adept (Chrono Boost)  
  23  2:06  Probe  
  25  2:13  Warp Gate  
  25  2:18  Probe  
  26  2:25  Gateway  
  26  2:31  Stalker  
  26  2:35  Probe  
  29  2:41  Pylon  
  29  2:47  Probe  
  30  2:54  Gateway  
  30  3:02  Shield Battery  
  30  3:12  Probe  
  31  3:19  Probe  
  32  3:20  Stalker x2 (Chrono Boost)  
  32  3:26  Probe  
  35  3:31  Probe  
  36  3:39  Twilight Council  
  35  3:48  Probe x2 (Chrono Boost)  
  34  3:56  Shield Battery  
  34  4:00  Probe x2 (Chrono Boost)  
  36  4:04  Sentry  
  36  4:05  Probe x2 (Chrono Boost)  
  40  4:14  Probe  
  40  4:15  Probe  
  39  4:20  Phoenix  
  39  4:21  Blink  
  38  4:26  Probe (Chrono Boost)  
  38  4:27  Probe (Chrono Boost)  
  38  4:28  Stalker  
  42  4:33  Stalker  
  46  4:38  Probe (Chrono Boost)  
  46  4:39  Probe (Chrono Boost)  
  46  4:45  Probe (Chrono Boost)  
  46  4:46  Probe (Chrono Boost)  
  46  4:49  Robotics Facility  
  48  4:52  Probe  
  48  4:54  Probe  
  48  4:58  Pylon  
  50  5:05  Probe  
  51  5:07  Stalker  
  51  5:08  Probe  
  51  5:12  Assimilator  
  54  5:16  Stalker  
  54  5:21  Gateway  
  56  5:23  Gateway  
  56  5:27  Stalker  
  58  5:29  Probe  
  59  5:38  Probe  
  60  5:43  Observer (Chrono Boost)  
  60  5:47  Pylon  
  61  5:51  Pylon  
  61  5:53  Gateway x2  
  61  5:54  Pylon  
  61  6:03  Warp Prism (Chrono Boost)  
  61  6:08  Stalker x2  
  61  6:10  Probe  
  68  6:13  Stalker  
  68  6:17  Stalker  
  72  6:22  Stalker  
  74  6:37  Observer  
  74  6:39  Stalker  
  77  6:40  Stalker x2  
  81  6:51  Observer  
  81  6:52  Pylon x2  
  81  6:55  Stalker x2  
  85  7:09  Pylon  
  85  7:10  Stalker x4  
  85  7:14  Adept  
  95  7:28  Observer  
  94  7:33  Stalker x2  
  94  7:35  Zealot x3  
  100  7:47  Stalker x2  
  92  8:03  Stalker x2  
  88  8:12  Stalker x2  
  84  8:16  Zealot x2  
  84  8:17  Probe  
  84  8:19  Assimilator  
  89  8:32  Nexus  
  89  8:33  Stalker x2  
  82  8:40  Stalker x2, Zealot x2  
  74  8:59  Stalker x3  
  77  9:04  Zealot x3  
  81  9:15  Stalker x2  
  77  9:26  Stalker x3  
  79  9:31  Stalker  
  79  9:34  Probe x2  
  83  9:40  Forge  
  79  9:50  Stalker x2  
  77  10:01  Stalker x3  
  81  10:13  Charge  
  77  10:14  Probe x2  
  77  10:18  Probe  
  80  10:23  Sentry  
  80  10:24  Sentry  
  80  10:26  Probe x2  
  86  10:32  Observer  
  86  10:33  Probe  
  88  10:38  Probe  
  86  10:50  Photon Cannon  
  86  10:52  Probe  
  86  10:53  Sentry  
  86  10:55  Zealot x2  
  93  11:00  Dark Shrine  
  93  11:02  Observer  
  93  11:05  Photon Cannon  
  93  11:07  Probe  
  93  11:08  Probe  
  96  11:15  Observer  
  96  11:16  Shield Battery  
  96  11:19  Pylon, Probe  
  96  11:25  Zealot x2  
  100  11:29  Zealot  
  100  11:33  Zealot  
  100  11:40  Probe  
  100  11:42  Stalker  
  100  11:43  Observer (Chrono Boost)  
  100  11:44  Stalker  
  100  11:45  Observer  
  106  11:50  Observer  
  106  11:57  Gateway  
  106  11:58  Gateway  
  106  11:59  Zealot x2  
  110  12:07  Zealot x3  
  116  12:13  Observer  
  117  12:15  Zealot  
  117  12:21  Zealot x2  
  121  12:27  Dark Templar  
  121  12:28  Dark Templar x2  
  121  12:38  Photon Cannon  
  121  12:40  Pylon  
  121  12:41  Pylon  
  121  12:45  Dark Templar x2, Observer  
  123  12:59  Archon  
  123  13:02  Dark Templar x2  
  123  13:03  Dark Templar x2  
  131  13:15  Archon x3  
  131  13:25  Zealot x3  
  131  13:26  Zealot  
  102  13:44  Dark Templar x3  
  102  13:46  Zealot x4  
  102  13:48  Probe  
  102  13:55  Zealot  
  97  13:59  Probe  
  84  14:08  Stalker x3  
  58  14:18  Observer  
  59  14:24  Probe  
  59  14:26  Assimilator  
  59  14:27  Assimilator  
  59  14:30  Zealot  
  59  14:31  Zealot x3  
  68  14:36  Zealot  
  70  14:44  Zealot  
  70  14:45  Zealot  
  72  14:52  Dark Templar  
  68  15:00  Pylon  
  68  15:06  Shield Battery  
  68  15:07  Probe  
  68  15:09  Probe  
  68  15:10  Probe  
  71  15:17  Dark Templar  
Show
View Real Time Build Order
Export as new Build Order

Astrea Protoss - Winner!

Build Orders: Oracle Opening 

Get SALT Encoding   

  12  0:00  Probe  
  13  0:12  Probe  
  14  0:17  Pylon  
  14  0:24  Probe (Chrono Boost)  
  15  0:36  Probe (Chrono Boost)  
  15  0:37  Gateway  
  16  0:44  Probe (Chrono Boost)  
  16  0:45  Assimilator  
  17  0:51  Probe  
  17  0:55  Assimilator  
  18  1:03  Probe (Chrono Boost)  
  19  1:09  Pylon  
  19  1:14  Probe (Chrono Boost)  
  20  1:19  Probe (Chrono Boost)  
  21  1:28  Cybernetics Core  
  21  1:29  Probe  
  21  1:30  Pylon  
  22  1:41  Probe  
  25  1:47  Zealot  
  25  1:53  Probe  
  26  2:05  Probe  
  27  2:09  Stargate  
  27  2:14  Adept  
  29  2:19  Warp Gate  
  29  2:20  Probe  
  29  2:21  Pylon  
  30  2:37  Nexus  
  31  2:47  Adept  
  31  2:50  Oracle (Chrono Boost)  
  32  2:57  Probe  
  33  3:13  Probe  
  33  3:17  Oracle (Chrono Boost)  
  32  3:25  Probe  
  36  3:35  Twilight Council  
  36  3:37  Probe  
  37  3:49  Probe (Chrono Boost)  
  37  3:54  Probe (Chrono Boost)  
  36  4:00  Probe (Chrono Boost)  
  38  4:04  Probe (Chrono Boost)  
  38  4:05  Probe (Chrono Boost)  
  38  4:08  Blink (Chrono Boost)  
  39  4:14  Probe  
  39  4:15  Probe  
  41  4:23  Forge  
  41  4:26  Probe  
  41  4:27  Probe  
  43  4:34  Dark Shrine  
  43  4:35  Pylon  
  43  4:38  Probe  
  44  4:39  Probe  
  45  4:48  Gateway  
  45  4:49  Protoss Ground Weapons Level 1 (Chrono Boost)  
  45  4:50  Probe  
  45  4:51  Probe  
  47  5:02  Probe  
  47  5:04  Probe  
  49  5:08  Nexus  
  49  5:15  Gateway  
  49  5:16  Probe  
  49  5:19  Gateway  
  49  5:21  Probe  
  51  5:26  Assimilator  
  51  5:29  Probe  
  51  5:31  Shield Battery  
  51  5:33  Probe  
  53  5:42  Probe  
  54  5:48  Stalker x2  
  58  5:50  Probe  
  58  5:54  Pylon, Probe  
  60  6:02  Probe  
  60  6:04  Robotics Facility  
  61  6:06  Probe  
  62  6:13  Stalker x3  
  62  6:14  Probe  
  62  6:18  Probe  
  70  6:20  Probe  
  70  6:24  Dark Templar  
  73  6:27  Probe  
  73  6:30  Probe  
  75  6:34  Probe  
  75  6:36  Stalker x3  
  75  6:38  Pylon  
  75  6:39  Probe  
  83  6:45  Shield Battery  
  81  6:55  Gateway  
  81  6:57  Stalker  
  81  6:58  Gateway  
  81  6:59  Stalker x2  
  87  7:03  Stalker  
  89  7:10  Pylon x2  
  89  7:12  Pylon  
  89  7:25  Stalker x2  
  90  7:35  Dark Templar, Zealot  
  94  7:37  Probe x3  
  89  7:45  Immortal (Chrono Boost)  
  89  7:48  Stalker x2  
  89  7:49  Probe  
  96  7:55  Stalker  
  96  7:56  Zealot x2  
  95  8:02  Probe x2  
  95  8:03  Probe  
  84  8:08  Stalker  
  84  8:11  Zealot x2  
  86  8:17  Zealot x2, Immortal  
  91  8:20  Probe x3  
  91  8:26  Zealot  
  88  8:32  Dark Templar, Zealot x2  
  80  8:41  Zealot x2  
  80  8:43  Probe  
  79  8:51  Zealot  
  79  8:53  Zealot x2  
  83  8:56  Immortal  
  83  9:02  Dark Templar  
  86  9:05  Zealot x2  
  85  9:15  Pylon  
  73  9:18  Stalker x2  
  73  9:20  Zealot  
  76  9:30  Stalker  
  76  9:31  Stalker  
  70  9:35  Zealot  
  70  9:36  Immortal (Chrono Boost)  
  74  9:48  Zealot x2  
  74  9:57  Stalker x2  
  70  10:03  Zealot  
  70  10:08  Stalker  
  70  10:13  Assimilator  
  65  10:22  Observer (Chrono Boost), Stalker  
  65  10:23  Stalker  
  65  10:27  Stalker  
  72  10:35  Stalker  
  72  10:36  Stalker  
  76  10:43  Pylon  
  76  10:52  Warp Prism (Chrono Boost)  
  78  11:01  Dark Templar  
  80  11:05  Stalker  
  80  11:06  Stalker  
  80  11:09  Stalker  
  86  11:17  Pylon  
  86  11:19  Pylon  
  86  11:37  Nexus  
  86  11:45  Observer  
  86  11:47  Sentry x3  
  86  11:53  Shadow Stride (Chrono Boost)  
  90  11:59  Dark Templar  
  90  12:00  Dark Templar  
  94  12:04  Shield Battery  
  94  12:09  Probe x2  
  94  12:15  Observer  
  96  12:17  Stalker x2  
  96  12:21  Sentry  
  102  12:42  Pylon  
  102  12:48  Probe x2  
  104  12:54  Stalker x3  
  107  13:00  Observer (Chrono Boost), Probe  
  108  13:09  Stalker x2  
  108  13:12  Stalker  
  115  13:22  Dark Templar  
  115  13:25  Dark Templar  
  115  13:26  Dark Templar  
  118  13:39  Stalker x2  
  113  13:50  Stalker  
  113  13:55  Observer  
  101  13:56  Dark Templar  
  85  14:04  Dark Templar  
  85  14:07  Zealot x3  
  81  14:18  Probe x2  
  81  14:19  Probe  
  84  14:25  Stalker  
  84  14:30  Stalker x4  
  94  14:34  Probe  
  94  14:35  Assimilator  
  91  15:01  Stalker x6  
  91  15:02  Archon  
  91  15:03  Observer  
  91  15:06  Observer (Chrono Boost)  
  104  15:07  Photon Cannon  

Tags
 
Add a new tag
Caveats
  • Supply blocks, unpowered buildings, or Contaminate may cause inaccurate times.
  • Supply counts are checked every 10 seconds.